 Dungeon Crawl Stone Soup version 0.26-a0-852-g6321bf7485 (webtiles) character file.

Game seed: 15440384170865935737

60 muata the Sneak (level 3, -4/28 HPs)
             Began as a Vampire Brigand on Nov 22, 2020.
             Slain by an adder (5 damage)
             ... on level 2 of the Dungeon.
             The game lasted 00:04:06 (919 turns).

muata the Sneak (Vampire Brigand)                    Turns: 919, Time: 00:04:07

Health: -4/28      AC:  3    Str: 10    XL:     3   Next: 82%
Magic:  3/3        EV: 12    Int: 13    God:
Gold:   67         SH:  0    Dex: 16    Spells: 2/2 levels left

rFire    . . .     SeeInvis +   a - +2 dagger
rCold    . . .     Faith    .   (no shield)
rNeg     . . .     Spirit   .   b - +0 robe
rPois    .         Reflect  .   (no helmet)
rElec    .         Harm     .   c - +0 cloak
rCorr    .         Rampage  .   (no gloves)
MR       .....                  (no boots)
Stlth    ++++......             (no amulet)
HPRegen  0.29/turn              (no ring)
MPRegen  0.08/turn              (no ring)

@: lethally poisoned (-4 -> -6), regenerating quickly
A: fangs 3, see invisible, unbreathing
a: Exsanguinate


You were on level 2 of the Dungeon.
You visited 1 branch of the dungeon, and saw 2 of its levels.

You collected 67 gold pieces.

Inventory:

Hand Weapons
 a - a +2 dagger (weapon)
Missiles
 d - 8 poisoned darts (quivered)
 e - 2 curare-tipped darts
 h - 33 stones
 k - 3 javelins
Armour
 b - a +0 robe (worn)
 c - a +0 cloak (worn)
Jewellery
 j - a +4 ring of evasion {unknown}
Scrolls
 f - 2 scrolls of identify {unknown}
 g - a scroll of teleportation {unknown}
 i - a scroll of remove curse {unknown}
 l - a scroll of blinking {unknown}
Potions
 m - a potion of flight {unknown}


   Skills:
 + Level 2.6 Fighting
 + Level 3.2 Short Blades
 - Level 1.5 Throwing
 - Level 1.1 Dodging
 + Level 6.8 Stealth


You had 2 spell levels left.
You didn't know any spells.
Your spell library was empty.

Dungeon Overview and Level Annotations

Branches:
Dungeon (2/15)

Altars:


Innate Abilities, Weirdness & Mutations

Your natural rate of healing is unusually fast.
You have razor-sharp teeth.
You have supernaturally acute eyesight. (SInv)
You can survive without breathing.


Message History

You miss the adder.
The adder is lightly wounded.
The adder misses you. The adder bites you.
* * * LOW HITPOINT WARNING * * *
You closely miss the adder. Your bite misses the adder.
The adder is lightly wounded.
You feel sick. The adder barely misses you.
The adder bites you but does no damage.
You hit the adder but do no damage.
The adder is lightly wounded.
The adder barely misses you. The adder bites you but does no damage.
You hit the adder.
The adder is heavily wounded.
You feel sick. The adder bites you.
* * * LOW HITPOINT WARNING * * *
The adder closely misses you.
You hit the adder.
The adder is heavily wounded.
The adder bites you.
You die...

#.#....#.######
###.......
.##.#..#........#
#.......
.......##.......#
#.......
##..#.)........#
#....... ...
#.#.##....##
#.......
#.......#..#..####
#.......
#....##...##.....+
+...B... #....
#..# #...###
####+....# #@..#
#...# #SS.# .###
#...# ## #...#
#...# ....# ##..#
...


You could see 2 adders.

Vanquished Creatures
  3 adders (D:2)
  An ooze (D:1)
  A leopard gecko (D:1)
  2 giant cockroaches
  3 goblins
  5 hobgoblins
  2 kobolds
  A quokka (D:2)
  A ball python (D:2)
  5 bats
  3 rats
27 creatures vanquished.

Notes
Turn   | Place    | Note
-------+----------+-------------------------------------------
     0 | D:1      | muata the Vampire Brigand began the quest for the Orb.
     0 | D:1      | Reached XP level 1. HP: 16/16 MP: 1/1
    36 | D:1      | Reached skill level 6 in Stealth
    94 | D:1      | Reached XP level 2. HP: 22/22 MP: 2/2
   671 | D:2      | Reached XP level 3. HP: 24/27 MP: 3/3
   918 | D:2      | HP: 1/28 [adder (3)]
   919 | D:2      | Slain by an adder

Illustrated notes

Levels and vault maps discovered:
D:1:      minmay_arrival_checkered_box, layout_basic
D:2:      layout_basic, minmay_tromino_v4_c

Skill      XL: |  1  2  3 |
---------------+----------+-----
Stealth        | 6 |  6.8
Fighting       | 2 |  2.6
Short Blades   | 3 |  3.2
Throwing       | |  1.5
Dodging        | |  1.1

Action                   || total
-------------------------++-------
Melee: Dagger            ||   104
       Bite              ||     5
 Stab: Sleeping          ||     9
Armor: Robe              ||    29
Dodge: Dodged            ||    57

Table legend: (Time is in decaauts)
 A = Elapsed time spent in this place.
 B = Non-inter-level travel time spent in this place.
 C = Inter-level travel time spent in this place.
 D = Time resting spent in this place.
 E = Time spent auto-exploring this place.
 F = Levels seen in this place.
 G = Mean time per level.
                   A        B        C        D        E       F      G
               +--------+--------+--------+--------+--------+-----+--------+
         Total |    904 |    882 |     22 |    165 |    436 |   2 |  452.0 |
       Dungeon |    904 |    882 |     22 |    165 |    436 |   2 |  452.0 |
               +--------+--------+--------+--------+--------+-----+--------+

Top non-repeatable levels by time:
     D:1: 624 daAuts
     D:2: 279 daAuts
